 Dungeon Crawl Stone Soup version 0.21.1-1-g345015f (webtiles) character file.

114 tidbits the Grave Robber (level 4, 3/32 HPs)
             Began as a Gnoll Necromancer on June 24, 2018.
             Quit the game on level 3 of the Dungeon.
             The game lasted 00:04:56 (657 turns).

tidbits the Grave Robber (Gnoll Necromancer)         Turns: 657, Time: 00:04:57

Health: 3/32       AC:  5    Str:  7 (10) XL:     4   Next: 98%
Magic:  6/11       EV: 20    Int: 17 (19) God:
Gold:   111        SH:  0    Dex: 17 (20) Spells: 5/13 levels left

rFire    . . .     SeeInvis .   d - +0 spear
rCold    . . .     Gourm    +   (no shield)
rNeg     . . .     Faith    .   a - +0 robe
rPois    .         Spirit   .   (no helmet)
rElec    .         Reflect  .   (no cloak)
rCorr    .         Harm     .   G - +0 pair of gloves
MR       .....                  F - +1 pair of boots
Stlth    ++++......             i - amulet of the gourmand
HPRegen  0.10/turn              (no ring)
MPRegen  0.12/turn              (no ring)

@: agile
A: distributed training, fangs 1, strong nose
a: no special abilities


You were on level 3 of the Dungeon.
You were not hungry.

You visited 1 branch of the dungeon, and saw 4 of its levels.

You collected 111 gold pieces.

Inventory:

Hand Weapons
 d - a +0 spear (weapon)
 m - a +0 dagger
Missiles
 e - 19 stones (quivered)
Armour
 a - a +0 robe (worn)
 g - a +0 ring mail
 F - a +1 pair of boots (worn)
 G - a +0 pair of gloves (worn)
Jewellery
 i - an amulet of the gourmand (around neck)
   (You found it on level 2 of the Dungeon)
Scrolls
 k - a scroll of fog
 l - a scroll of blinking
 n - 2 scrolls of enchant armour
Potions
 j - a potion of cancellation
Books
 b - a book of Necromancy

   Spells                             Type                      Level
   a - Pain                           Necromancy                   1
   b - Animate Skeleton               Necromancy                   1
   c - Vampiric Draining              Necromancy                   3
   d - Regeneration                   Charms/Necromancy            3
   e - Animate Dead                   Necromancy                   4
   f - Borgnjor's Vile Clutch         Necromancy/Earth             5
Comestibles
 c - 3 rations


   Skills:
 + Level 1.2 Fighting
 + Level 1.2 Short Blades
 + Level 1.2 Long Blades
 + Level 1.2 Axes
 + Level 1.2 Maces & Flails
 + Level 1.2 Polearms
 + Level 1.2 Staves
 + Level 1.2 Slings
 + Level 1.2 Bows
 + Level 1.2 Crossbows
 + Level 1.2 Throwing
 + Level 1.2 Armour
 + Level 4.7 Dodging
 + Level 4.3 Stealth
 + Level 1.2 Shields
 + Level 1.2 Unarmed Combat
 + Level 5.1 Spellcasting
 + Level 1.0 Conjurations
 + Level 1.0 Hexes
 + Level 1.0 Charms
 + Level 1.0 Summonings
 + Level 7.1 Necromancy
 + Level 1.0 Translocations
 + Level 1.0 Transmutations
 + Level 1.0 Fire Magic
 + Level 1.0 Ice Magic
 + Level 1.0 Air Magic
 + Level 1.0 Earth Magic
 + Level 1.0 Poison Magic
 + Level 1.4 Invocations
 + Level 1.2 Evocations


You had 5 spell levels left.
You knew the following spells:

 Your Spells              Type           Power        Failure   Level  Hunger
a - Pain                  Necr           ####         1%          1    None
d - Vampiric Draining     Necr           ####......   2%          3    ###....
n - Animate Skeleton      Necr           N/A          1%          1    None
r - Regeneration          Chrm/Necr      ###.......   8%          3    ###....


Dungeon Overview and Level Annotations

Branches:
Dungeon (4/15)
 Temple: D:4-7

Altars:


Innate Abilities, Weirdness & Mutations

Your experience applies equally to all skills.
You have very sharp teeth.
Your uncanny sense of smell can sniff out nearby items.


Message History

c - 3 rations (gained 1)
Found a scroll of identify.
Magic restored.
You see here a scroll of identify.
As you read the scroll of identify, it crumbles to dust.
j - a potion of cancellation You see here an orc corpse.
There is a stone staircase leading down here.
You climb downwards.
You hear the hiss of flowing sand.
There is an entrance to an ossuary on this level.
Hurry and find it before the portal is buried!
You hear the slow hiss of a very distant avalanche of sand.
The orc completely misses you. The orc closely misses you.
The orc priest miscasts a cantrip.
There is a stone staircase leading up here.
The orc hits you but does no damage.
The orc priest mumbles some strange prayers to Beogh against you.
Pain shoots through your body! The orc closely misses you.
You climb upwards.
There is a stone staircase leading down here.
Unknown command.
You can't go up here!
The orc closely misses you.
Casting: Pain
Confirm with . or Enter, or press ? or * to list all spells.
Aiming: Pain
Press: ? - help, Shift-Dir - straight line, f - orc
Aim: an orc (chance to defeat MR: 93%)
The orc writhes in agony!
The orc misses you.
Casting: Pain
Confirm with . or Enter, or press ? or * to list all spells.
Aiming: Pain
Press: ? - help, Shift-Dir - straight line, f/p - orc
Aim: an orc (severely wounded, chance to defeat MR: 93%)
The orc writhes in agony!
You kill the orc!
Casting: Pain
Confirm with . or Enter, or press ? or * to list all spells.
Aiming: Pain
Press: ? - help, Shift-Dir - straight line, f - orc
Aim: an orc, wielding a club (chance to defeat MR: 93%)
The orc writhes in agony!
The orc hits you but does no damage.
Casting: Pain
Confirm with . or Enter, or press ? or * to list all spells.
Aiming: Pain
Press: ? - help, Shift-Dir - straight line, f/p - orc
Aim: an orc, wielding a club (moderately wounded, chance to defeat MR: 93%)
The orc writhes in agony!
The orc hits you but does no damage.
Casting: Pain
Confirm with . or Enter, or press ? or * to list all spells.
Aiming: Pain
Press: ? - help, Shift-Dir - straight line, f/p - orc
Aim: an orc, wielding a club (almost dead, chance to defeat MR: 93%)
The orc writhes in agony!
You kill the orc!
Things that are here:
a club; an orc corpse
There is a stone staircase leading down here.
You climb downwards.
You hear the hiss of flowing sand.
There is an entrance to an ossuary on this level.
Hurry and find it before the portal is buried!
The orc closely misses you.
There is a stone staircase leading up here.
The orc barely misses you.
The orc priest miscasts a cantrip.
You climb upwards.
There is a stone staircase leading down here.
Unknown command.
Casting: Pain
Confirm with . or Enter, or press ? or * to list all spells.
Aiming: Pain
Press: ? - help, Shift-Dir - straight line, f - orc
Aim: an orc, wielding a short sword and wearing a leather armour (chance to defeat MR: 93%)
The orc writhes in agony!
The orc barely misses you.
Casting: Pain
Confirm with . or Enter, or press ? or * to list all spells.
Aiming: Pain
Press: ? - help, Shift-Dir - straight line, f/p - orc
Aim: an orc, wielding a short sword and wearing a leather armour (heavily wounded, chance to defeat MR: 93%)
The orc writhes in agony!
You kill the orc!
Things that are here:
a short sword; a leather armour
There is a stone staircase leading down here.
You climb downwards.
You hear the hiss of flowing sand.
There is an entrance to an ossuary on this level.
Hurry and find it before the portal is buried!
The orc priest calls down the wrath of Beogh upon you.
Beogh smites you!
* * * LOW HITPOINT WARNING * * *
There is a stone staircase leading up here.
You climb upwards.
There is a stone staircase leading down here.
Unknown command.
It was a potion of agility.
You feel agile all of a sudden.
It was a potion of degeneration.
There was something very wrong with that liquid.
You feel weakened.
You feel dopey.
You feel clumsy.
Are you sure you want to abandon this character and quit the game? (Confirm with "yes".)

### ### ### ###.#####.# #.#
....#.....# #[################
#####.###.# #@)...............
........#.######)################
#####.#.#......#.#
......#.######.#.# #######.#
#.#.# $# #.#.### #.## ## #.#
#.#...# #.#. .# #.# ####.###.#
#.#. .# #.# #.....##.# #.#.


There were no monsters in sight!

Vanquished Creatures
  An orc wizard (D:4)
  3 gnolls
  3 adders
  5 orcs (D:3)
  A giant cockroach (D:2)
  4 goblins
  A hobgoblin (D:2)
  A kobold (D:3)
  A quokka (D:2)
  5 bats
25 creatures vanquished.

Notes
Turn   | Place    | Note
-------+----------+-------------------------------------------
     0 | D:1      | tidbits the Gnoll Necromancer began the quest for the Orb.
     0 | D:1      | Reached XP level 1. HP: 13/13 MP: 6/6
    54 | D:2      | Reached XP level 2. HP: 16/19 MP: 3/7
    57 | D:2      | Learned a level 1 spell: Animate Skeleton
   128 | D:3      | Reached skill level 5 in Spellcasting
   128 | D:3      | Reached XP level 3. HP: 13/25 MP: 0/9
   197 | D:2      | Reached skill level 1 in Invocations
   206 | D:2      | Learned a level 3 spell: Regeneration
   211 | D:2      | Learned a level 3 spell: Vampiric Draining
   280 | D:3      | Reached skill level 1 in Fighting
   280 | D:3      | Reached skill level 1 in Short Blades
   280 | D:3      | Reached skill level 1 in Long Blades
   280 | D:3      | Reached skill level 1 in Axes
   280 | D:3      | Reached skill level 1 in Maces & Flails
   280 | D:3      | Reached skill level 1 in Polearms
   280 | D:3      | Reached skill level 1 in Staves
   280 | D:3      | Reached skill level 1 in Slings
   280 | D:3      | Reached skill level 1 in Bows
   280 | D:3      | Reached skill level 1 in Crossbows
   280 | D:3      | Reached skill level 1 in Throwing
   280 | D:3      | Reached skill level 1 in Armour
   280 | D:3      | Reached skill level 1 in Shields
   280 | D:3      | Reached skill level 1 in Unarmed Combat
   280 | D:3      | Reached skill level 1 in Evocations
   280 | D:3      | Reached XP level 4. HP: 8/32 MP: 3/11
   421 | D:3      | Reached skill level 1 in Conjurations
   421 | D:3      | Reached skill level 1 in Hexes
   421 | D:3      | Reached skill level 1 in Charms
   421 | D:3      | Reached skill level 1 in Summonings
   421 | D:3      | Reached skill level 1 in Translocations
   421 | D:3      | Reached skill level 1 in Transmutations
   421 | D:3      | Reached skill level 1 in Fire Magic
   421 | D:3      | Reached skill level 1 in Ice Magic
   421 | D:3      | Reached skill level 1 in Air Magic
   421 | D:3      | Reached skill level 1 in Earth Magic
   421 | D:3      | Reached skill level 1 in Poison Magic
   652 | D:4      | HP: 2/32 [orc priest/divine providence (14)]
   657 | D:3      | Quit the game

Skill      XL: |  1  2  3  4 |
---------------+-------------+-----
Spellcasting   | 5 |  5.1
Invocations    | 1 |  1.4
Fighting       | 1 |  1.2
Short Blades   | 1 |  1.2
Long Blades    | 1 |  1.2
Axes           | 1 |  1.2
Maces & Flails | 1 |  1.2
Polearms       | 1 |  1.2
Staves         | 1 |  1.2
Slings         | 1 |  1.2
Bows           | 1 |  1.2
Crossbows      | 1 |  1.2
Throwing       | 1 |  1.2
Armour         | 1 |  1.2
Shields        | 1 |  1.2
Unarmed Combat | 1 |  1.2
Evocations     | 1 |  1.2
Conjurations   | 1 |  1.0
Hexes          | 1 |  1.0
Charms         | 1 |  1.0
Summonings     | 1 |  1.0
Translocations | 1 |  1.0
Transmutations | 1 |  1.0
Fire Magic     | 1 |  1.0
Ice Magic      | 1 |  1.0
Air Magic      | 1 |  1.0
Earth Magic    | 1 |  1.0
Poison Magic   | 1 |  1.0
Dodging        | |  4.7
Stealth        | |  4.3
Necromancy     | |  7.1

Action                   |  1- 3 |  4- 6 || total
-------------------------+-------+-------++-------
Melee: Spear             |     5 |       ||     5
 Cast: Pain              |    23 |    26 ||    49
       Regeneration      |       |     1 ||     1
  Use: Scroll            |       |     7 ||     7
       Potion            |       |     2 ||     2
 Stab: Sleeping          |     1 |       ||     1
Armor: Robe              |     2 |     2 ||     4
Dodge: Dodged            |     9 |    10 ||    19

Table legend:
 A = Turns spent in this place as a percentage of turns spent in the entire game.
 B = Non-inter-level travel turns spent in this place as a percentage of non-inter-level travel turns spent in the entire game.
 C = Inter-level travel turns spent in this place as a percentage of turns spent in this place.
 D = Turns resting spent in this place as a percentage of non-inter-level travel turns spent in this place.
 E = Turns spent auto-exploring this place as a percentage of non-inter-level travel turns spent in this place.
 F = Non-inter-level travel turns spent in this place divided by the number of levels of this place that you've seen.
                   A       B       C       D       E      F
               +-------+-------+-------+-------+-------+----------------------
         Total | 100.0 | 100.0 |   2.1 |   0.0 |   0.0 | 160.8
       Dungeon | 100.0 | 100.0 |   2.1 |   0.0 |   0.0 | 160.8
               +-------+-------+-------+-------+-------+----------------------

Table legend:
 A = Kills in this place as a percentage of kills in entire the game.
 B = Kills by you in this place as a percentage of kills by you in the entire game.
 C = Kills by friends in this place as a percentage of kills by friends in the entire game.
 D = Other kills in this place as a percentage of other kills in the entire game.
 E = Experience gained in this place as a percentage of experience gained in the entire game.
 F = Experience gained in this place divided by the number of levels of this place that you have seen.
                   A       B       C       D       E      F
               +-------+-------+-------+-------+-------+----------------------
         Total | 100.0 | 100.0 |   N/A |   N/A | 100.0 |  41.0
       Dungeon | 100.0 | 100.0 |   N/A |   N/A | 100.0 |  41.0
               +-------+-------+-------+-------+-------+----------------------

Vault maps used:
D:1:      giann_wishing_wells, nemelex_diamond_rough_becter
D:2:      serial_glass, glass_columns_b, glass_columns_a, glass_columns_b,
          glass_columns_a, glass_columns_a, glass_columns_c, glass_columns_c,
          glass_columns_a, glass_columns_a, glass_columns_b,
          grunt_decor_one_mirror
D:3:      kiku_gazebo_garden_becter
D:4:      elyvilon_altar_5, old_standard_altar, first_ration,
          nicolae_ossuary_entry_giza, hangedman_abyss_or_decor_lesser_grid,
          uniq_robin, uniq_blork_the_orc, uniq_grinder
